 Seeded DCSS version 0.29-a0-23-ga79f92ac9c (webtiles) character file.

Game seed: 10429452326490117796 (custom seed)

6 riojii the Shield-Bearer (level 1, 19/20 HPs)
             Began as a Deep Dwarf Fighter on Jan 31, 2022.
             Quit the game on level 1 of the Dungeon.
             The game lasted 00:00:20 (149 turns).

riojii the Shield-Bearer (Deep Dwarf Fighter)        Turns: 149, Time: 00:00:20

Health: 19/20      AC:  6    Str: 19    XL:     1   Next: 75%
Magic:  1/1        EV:  9    Int:  8    God:
Gold:   11         SH:  4    Dex: 12    Spells: 0/0 levels left

rFire   . . .      SeeInvis .   a - +0 war axe
rCold   . . .      Faith    .   c - +0 buckler
rNeg    . . .      Spirit   .   b - +0 scale mail
rPois   .          Reflect  .   (no helmet)
rElec   .          Harm     .   (no cloak)
rCorr   .          Rampage  .   (no gloves)
Will    .....                   (no boots)
Stlth   ..........              (no amulet)
HPRegen 0.00/turn               (no ring)
MPRegen 0.07/turn               (no ring)

@: no status effects
A: damage resistance, heal wounds, sense surroundings 1, no regeneration
a: Heal Wounds


You were on level 1 of the Dungeon.
You visited 1 branch of the dungeon, and saw 1 of its levels.

You collected 11 gold pieces.

Inventory:

Hand Weapons
 a - a +0 war axe (weapon)
Armour
 b - a +0 scale mail (worn)
 c - a +0 buckler (worn)
Scrolls
 e - a scroll of enchant armour {unknown}
 f - a scroll of acquirement
Potions
 d - a potion of might


   Skills:
 + Level 2.7 Fighting
 * Level 2.4 Axes
 + Level 3.3 Armour
 + Level 0.3 Dodging
 + Level 3.3 Shields


You couldn't memorise any spells.
You didn't know any spells.
Your spell library was empty.

Dungeon Overview and Level Annotations

Branches:
Dungeon (1/15)

Altars:


Innate Abilities, Weirdness & Mutations

You are resistant to damage.
You can heal yourself by infusing magical energy.
You passively map a small area around you.
You do not regenerate.


Message History

You kill the kobold!
An endoplasm comes into view.
The endoplasm quivers.
Items here: )) ††.
You hit the endoplasm.
The endoplasm is severely wounded.
You block the endoplasm's attack. The endoplasm freezes you.
You are frozen.
You slash the endoplasm!
You kill the endoplasm!
No target in view!
No target in view!
There is a stone staircase leading down here.
You now have 11 gold pieces.
Found a hat.
e - a scroll labelled TIXIMO SUIMON You open the door.
A frilled lizard comes into view.
Found a scroll labelled LUERIF BOIKKOO.
There is an open door here.
A rat comes into view.
You hit the frilled lizard.
You kill the frilled lizard!
You block the rat's attack.
You slash the rat!
You kill the rat!
No target in view!
No target in view!
No target in view!
No target in view!
No target in view!
No target in view!
No target in view!
No target in view!
No target in view!
No target in view!
f - a scroll labelled LUERIF BOIKKOO This is a scroll of acquirement!
Are you sure you want to abandon this character and quit the game? (Confirm with "yes".)

* , * ####### * #
#.....# ... , #.....#*,
# * ##.##* ##.....# *
#. #[..# #......# * ,
#.####..#######†.....#
,
#............##....###*
#..........##@†..#
#..........##....# ** ,
#...........'....+ ,,
#....#.....##....# ,
#....#.....#######,
#....#.....# ,
#....##########
#...>.......... ,,,, ,
###......##...### #


There were no monsters in sight!

Vanquished Creatures
  An endoplasm (D:1)
  A goblin (D:1)
  A hobgoblin (D:1)
  A frilled lizard (D:1)
  A kobold (D:1)
  A rat (D:1)
6 creatures vanquished.

Notes
Turn   | Place    | Note
-------+----------+-------------------------------------------
     0 | D:1      | riojii the Deep Dwarf Fighter began the quest for the Orb.
     0 | D:1      | Reached XP level 1. HP: 20/20 MP: 1/1
   149 | D:1      | Identified a scroll of acquirement
   149 | D:1      | Quit the game

Illustrated notes

Levels and vault maps discovered:
D:1:      beargit_arrival_diablo_church, layout_basic,
          hellmonk_ecumenical_altar_run_dry

Action                   || total
-------------------------++-------
Melee: War axe           ||     9
Armor: Scale mail        ||     3
Dodge: Dodged            ||     3
Block: Buckler           ||     4

Table legend: (Time is in decaauts)
 A = Elapsed time spent in this place.
 B = Non-inter-level travel time spent in this place.
 C = Inter-level travel time spent in this place.
 D = Time resting spent in this place.
 E = Time spent auto-exploring this place.
 F = Levels seen in this place.
 G = Mean time per level.
                   A        B        C        D        E       F      G
               +--------+--------+--------+--------+--------+-----+--------+
         Total |    152 |    152 |      0 |      0 |    118 |   1 |  152.0 |
       Dungeon |    152 |    152 |      0 |      0 |    118 |   1 |  152.0 |
               +--------+--------+--------+--------+--------+-----+--------+

Top non-repeatable levels by time:
     D:1: 152 daAuts
